 Dungeon Crawl Stone Soup version 0.30-a0-414-gcb316572d5 (webtiles) character file.

Game seed: 11104533881937270705

1052 will825x the Insei (level 8, -4/55 HPs)
             Began as an Octopode Transmuter on Dec 8, 2022.
             Splashed by a jelly's acid (7 damage)
             ... on level 6 of the Dungeon.
             The game lasted 00:12:11 (3851 turns).

will825x the Insei (Octopode Transmuter)            Turns: 3851, Time: 00:12:13

Health: -4/55      AC: -3    Str: 11    XL:     8   Next: 26%
Magic:  10/11      EV: 13    Int: 16    God:
Gold:   550        SH:  0    Dex: 12    Spells: 8/11 levels left

rFire   . . .      SeeInvis .      - Unarmed
rCold   . . .      Faith    .    (no shield)
rNeg    . . .      Spirit   .    (helmet currently unavailable)
rPois   .          Reflect  .    (no amulet)
rElec   .          Harm     .    (no ring)
rCorr   .          Rampage  .    (no ring)
Will    .....                    (no ring)
Stlth   +++.......               (no ring)
HPRegen 0.29/turn                (no ring)
MPRegen 0.12/turn                (no ring)
                                 (no ring)
                                 (no ring)

@: appendages, corroded
A: tentacle spike 3, almost no armour, amphibious, 8 rings, camouflage 1,
gelatinous body 1, (nimble swimmer 1), tentacles
a: End Transformation


You were on level 6 of the Dungeon.
One of your tentacles had grown a beastly spike.
You visited 1 branch of the dungeon, and saw 6 of its levels.
You also visited: Ossuary.

You collected 550 gold pieces.

Inventory:

Hand Weapons
 a - a +1 dagger of venom
Missiles
 k - a throwing net
Wands
 l - a wand of mindburst (13)
 o - a wand of flame (4)
 s - a wand of paralysis (5)
Scrolls
 c - a scroll of torment {unknown}
 d - a scroll of blinking {unknown}
 e - 4 scrolls of identify {unknown}
 f - 2 scrolls of silence {unknown}
 g - 2 scrolls of enchant weapon {unknown}
 i - a scroll of fear {unknown}
 j - a scroll of summoning {unknown}
 m - a scroll of enchant armour {unknown}
 q - a scroll of teleportation {unknown}
 r - a scroll of fog {unknown}
 t - a scroll of magic mapping {unknown}
 u - 2 scrolls of amnesia {unknown}
Potions
 b - 4 potions of curing
 h - 2 potions of haste {unknown}
 n - a potion of mutation {unknown}
 p - 2 potions of might {unknown}


   Skills:
 - Level 5.0 Fighting
 - Level 2.0 Dodging
 - Level 4.0 Stealth
 + Level 7.1 Unarmed Combat
 - Level 2.0 Spellcasting
 - Level 4.0 Transmutations


You had 8 spell levels left.
You knew the following spells:

 Your Spells              Type           Power      Damage    Failure   Level
a - Beastly Appendage     Tmut           28%        N/A       4%          1
b - Wereblood             Tmut           14%        N/A       6%          2

Your spell library contained the following spells:

 Spells                   Type           Power      Damage    Failure   Level
 Spider Form              Tmut/Pois      8%         N/A       26%         3
 Sublimation of Blood     Necr           1%         N/A       30%         2
 Ice Form                 Ice/Tmut       8%         N/A       65%         4
 Summon Hydra             Summ           0%         N/A       100%        7


Dungeon Overview and Level Annotations

Branches:
Dungeon (6/15)            Ossuary (visited)
 Temple: D:4-7

Altars:
Elyvilon
Trog
Yredelemnul

Shops:
D:1 [

Annotations:
D:4 exclusions: 3 gnolls, goblin, orc warrior and 1 more exclusion
D:5 exclusions: orc, orc priest and orc wizard


Innate Abilities, Weirdness & Mutations

One of your tentacles has grown a beastly spike.
You cannot wear most types of armour.
You are amphibious.
You can wear up to eight rings at the same time.
Your skin changes colour to match your surroundings (Stealth+).
Your rubbery body absorbs attacks. (AC +1, EV +1)
((You are camouflaged when in or above water. (Stealth+)))
You have tentacles for arms and can constrict up to eight enemies at once.


Message History

You constrict Maggie.
A jelly comes into view.
The helpless Maggie fails to defend herself.
You hit Maggie.
The jelly quivers.
You pierce Maggie, but do no damage.
You squeeze Maggie, but do no damage.
Maggie is almost dead.
You constrict Maggie.
You kill Maggie!
Training target 5.0 for Fighting reached!
Your Fighting skill increases to level 5!
Your Unarmed Combat skill increases to level 7!
You have reached level 8!
An ogre opens the large door.
You open the door.
There is an open door here.
The jelly attacks as you move away! The jelly hits you.
You are splashed with acid!
* * * LOW HITPOINT WARNING * * *
Your tentacle spike disappears.
Your +1 dagger of venom stops dripping with poison.
You are now empty-tentacled.
You are too injured to fight recklessly!
Casting: Beastly Appendage (safe; 4% risk of failure)
Confirm with . or Enter, or press ? or * to list all spells.
One of your tentacles grows a vicious spike.
The ogre shouts!
The jelly hits you.
* * * LOW HITPOINT WARNING * * *
The acid corrodes you!
You are splashed with acid!
* * * LOW HITPOINT WARNING * * *
Unknown command.
You tentacle-slap the jelly.
Your tentacles burn!
* * * LOW HITPOINT WARNING * * *
You pierce the jelly.
You squeeze the jelly!
The jelly is almost dead.
The jelly hits you.
* * * LOW HITPOINT WARNING * * *
You are splashed with acid!
You die...

............. ............
.......#'#.###############
.......#'#.......##......#
...........#####.##......#
........O..# #.##......#
...........# #.#.......#
.......)...#####.#.......#
...........J@............#
......†....#####.##......#
...........# #.##.)))..#
...........# #.###'######
...........# #.....))...#
...######### ##....####.#
... #.........# ..
#.........# ## #...#####.#


You could see an ogre and a jelly.

Vanquished Creatures
  Maggie (D:6)
  2 phantoms (D:5)
  An elf zombie (Ossuary)
  A bullfrog (D:6)
  A necrophage (D:5)
  A howler monkey (D:4)
  3 hounds
  An iguana (D:4)
  A gnoll bouda (D:6)
  2 orc wizards (D:4)
  2 mummies (Ossuary)
  5 gnolls (D:6)
  5 adders
  An ufetubus (D:6)
  A worm (D:2)
  A dart slug (D:4)
  6 orcs
  4 bats
  5 endoplasms
  2 giant cockroaches
  8 hobgoblins
  5 kobolds
  A quokka (D:2)
  6 ball pythons
  5 frilled lizards
  4 gnoll zombies (Ossuary)
  5 goblins
  2 goblin zombies (Ossuary)
  2 hobgoblin zombies (Ossuary)
  5 orc zombies (Ossuary)
  3 rats
92 creatures vanquished.

Notes
Turn   | Place    | Note
-------+----------+-------------------------------------------
     0 | D:1      | will825x the Octopode Transmuter began the quest for the
                  | Orb.
     0 | D:1      | Reached XP level 1. HP: 13/13 MP: 3/3
    46 | D:1      | Reached skill level 1 in Stealth
    66 | D:1      | Found Sokuf's Antique Armour Emporium.
   161 | D:1      | Reached XP level 2. HP: 16/18 MP: 5/5
   422 | D:2      | Learned a level 2 spell: Wereblood
   686 | D:2      | Found a faded altar of an unknown god.
   741 | D:2      | Reached XP level 3. HP: 18/23 MP: 4/6
   856 | D:2      | Reached skill level 4 in Unarmed Combat
  1251 | D:3      | Found a bloodstained altar of Trog.
  1258 | D:3      | Reached XP level 4. HP: 11/28 MP: 5/7
  1835 | D:4      | Found a basalt altar of Yredelemnul.
  1895 | D:4      | Found a sand-covered staircase.
  1921 | Ossuary  | Entered an ossuary
  1957 | Ossuary  | Reached skill level 5 in Unarmed Combat
  1957 | Ossuary  | Reached XP level 5. HP: 23/34 MP: 6/8
  2181 | D:4      | Reached XP level 6. HP: 4/39 MP: 9/9
  2438 | D:4      | Noticed an orc warrior
  2796 | D:4      | Found a white marble altar of Elyvilon.
  2953 | D:5      | Entered Level 5 of the Dungeon
  3072 | D:5      | Reached XP level 7. HP: 14/46 MP: 10/10
  3533 | D:5      | Reached skill level 6 in Unarmed Combat
  3825 | D:6      | Noticed Maggie
  3842 | D:6      | Killed Maggie
  3843 | D:6      | Reached skill level 5 in Fighting
  3843 | D:6      | Reached skill level 7 in Unarmed Combat
  3843 | D:6      | Reached XP level 8. HP: 25/55 MP: 11/11
  3851 | D:6      | Splashed by a jelly's acid

Illustrated notes

Levels and vault maps discovered:
D:1:      minmay_arrival_checkered_box, layout_rooms, serial_shops, shop
D:2:      kennysheep_big_flooded_room, layout_loops_ring,
          hellmonk_ecumenical_altar_crossroads
D:3:      layout_rooms, amcnicky_altar_gilded
D:4:      layout_basic, kennysheep_ying_yang,
          mainiacjoe_overflow_six_doors_small, nicolae_ossuary_entry_ruins,
          glass_columns_a
D:5:      layout_basic
D:6:      layout_basic, old_standard_altar, uniq_maggie

Skill      XL: |  1  2  3  4  5  6  7 |
---------------+----------------------+-----
Stealth        | 2 4 |  4.0
Unarmed Combat | 4 5 7 |  7.1
Transmutations | 3 4 |  4.0
Fighting       | 2 3 5 |  5.0
Dodging        | |  2.0
Spellcasting   | |  2.0

Action                   |  1- 3 |  4- 6 |  7- 9 || total
-------------------------+-------+-------+-------++-------
Melee: Unarmed           |    73 |   110 |    54 ||   237
       Tentacles         |    14 |    22 |    14 ||    50
       Constrict         |    19 |    27 |    12 ||    58
       Punch             |     2 |     1 |     2 ||     5
       Kick              |     6 |    16 |    17 ||    39
       Dagger            |       |     4 |     4 ||     8
 Cast: Beastly Appendage |     8 |    11 |     7 ||    26
       Wereblood         |       |     2 |     1 ||     3
Evoke: Wand              |       |       |     2 ||     2
  Use: Potion            |       |     2 |     1 ||     3
 Stab: Sleeping          |     8 |     4 |     2 ||    14
       Distracted        |       |     1 |       ||     1
       Paralysed         |       |       |     4 ||     4
Armor: Skin              |     7 |     8 |     1 ||    16
Dodge: Dodged            |    42 |    65 |    31 ||   138

Table legend: (Time is in decaauts)
 A = Elapsed time spent in this place.
 B = Non-inter-level travel time spent in this place.
 C = Inter-level travel time spent in this place.
 D = Time resting spent in this place.
 E = Time spent auto-exploring this place.
 F = Levels seen in this place.
 G = Mean time per level.
                   A        B        C        D        E       F      G
               +--------+--------+--------+--------+--------+-----+--------+
         Total |   3827 |   3440 |    387 |    244 |   2417 |   7 |  546.7 |
       Dungeon |   3607 |   3220 |    387 |    179 |   2352 |   6 |  601.2 |
       Ossuary |    220 |    220 |      0 |     65 |     65 |   1 |  220.0 |
               +--------+--------+--------+--------+--------+-----+--------+

Top non-repeatable levels by time:
     D:2: 927 daAuts
     D:4: 844 daAuts
     D:5: 643 daAuts
     D:3: 589 daAuts
     D:1: 384 daAuts
 Ossuary: 220 daAuts
     D:6: 216 daAuts
